 Dungeon Crawl Stone Soup version 0.28.0-53-g5a82cb258f (webtiles) character file.

Game seed: 5485073768009692433

81 thriggle the Caller (level 4, -2/32 HPs)
             Began as a Barachi Summoner on June 10, 2022.
             Was a Follower of Ru.
             Killed from afar by an orc wizard (7 damage)
             ... with a puff of flame
             ... on level 3 of the Dungeon.
             The game lasted 00:12:01 (3153 turns).

thriggle the Caller (Barachi Summoner)              Turns: 3153, Time: 00:12:01

Health: -2/32      AC:  5    Str: 11    XL:     4   Next: 42%
Magic:  3/8        EV: 12    Int: 16    God:    Ru [*.....]
Gold:   49         SH:  0    Dex: 12    Spells: 2/8 levels left

rFire   . . .      SeeInvis .   e - +0 spear
rCold   . . .      Faith    .   (no shield)
rNeg    . . .      Spirit   .   m - +0 leather armour
rPois   .          Reflect  .   k - +2 hat
rElec   .          Harm     .   (no cloak)
rCorr   .          Rampage  .   (no gloves)
Will    .....                   (no boots)
Stlth   ++........              (no amulet)
HPRegen 0.10/turn               l - ring of wizardry
MPRegen 0.11/turn               (no ring)

@: mighty, about to teleport, slow
A: amphibious, slowness 1, no fire magic, no hexes magic, no translocations
magic, strong legs 1, +LOS
a: Hop, Renounce Religion


You were on level 3 of the Dungeon.
You worshipped Ru.
Ru was aware of your devotion.
You visited 1 branch of the dungeon, and saw 3 of its levels.

You collected 49 gold pieces.

Inventory:

Hand Weapons
 e - a +0 spear (weapon)
 f - a +0 short sword
 j - a +0 quarterstaff
Missiles
 b - 68 bolts
 d - 2 curare-tipped darts
 g - 51 stones
 i - 2 boomerangs
Armour
 a - a +0 robe
 k - a +2 hat (worn)
 m - a +0 leather armour (worn)
Jewellery
 l - a ring of wizardry (left hand)


   Skills:
 + Level 1.3 Fighting
 + Level 1.0 Polearms
 + Level 1.5 Throwing
 + Level 2.6 Dodging
 + Level 2.2 Stealth
 + Level 2.7 Spellcasting
 + Level 5.2 Summonings


You had 2 spell levels left.
You knew the following spells:

 Your Spells              Type           Power      Damage    Failure   Level
a - Summon Small Mammal   Summ           72%        N/A       1%          1
b - Call Imp              Summ           18%        N/A       1%          2
c - Call Canine Familiar  Summ           18%        N/A       3%          3

Your spell library contained the following spells:

 Spells                   Type           Power      Damage    Failure   Level
 Summon Lightning Spire   Summ/Air       10%        N/A       32%         4
 Summon Guardian Golem    Hex/Summ       Unusable   N/A       N/A         3

Dungeon Overview and Level Annotations

Branches:
Dungeon (3/15)

Altars:
Ashenzari
Ru


Innate Abilities, Weirdness & Mutations

You are amphibious.
You cover ground slowly.
You cannot study or cast Fire magic.
You cannot study or cast Hexes magic.
You cannot study or cast Translocations magic.
You can hop short distances.
You have an extended range of vision and can be seen from far away.


Message History

The puff of flame misses you.
Are you sure you want to stumble around while confused and next to your crimson imp?
Okay, then.
You are too confused!
You're too confused to cast spells.
You are too confused!
You are too confused!
You're too confused to aim your attacks!
Are you sure you want to stumble around while confused and next to your crimson imp?
You bump into the rock wall.
Something hits you but does no damage.
Are you sure you want to stumble around while confused and next to your crimson imp?
Okay, then.
You're too confused to attack without stumbling around!
You aren't carrying any potions.
Unknown command.
You are too confused!
Unknown command.
Okay, then.
Are you sure you want to stumble around while confused and next to your crimson imp?
You bump into the rock wall.
Something hits you but does no damage.
Are you sure you want to stumble around while confused and next to your crimson imp?
You completely miss something. Something hits you.
Are you sure you want to stumble around while confused and next to your crimson imp?
You bump into the rock wall.
You hear some strange, mumbled words.
A puff of flame appears from out of thin air!
The puff of flame hits you.
* * * LOW HITPOINT WARNING * * *
Are you sure you want to stumble around while confused and next to your crimson imp?
You're too confused to move!
You feel less confused. Something hits you.
* * * LOW HITPOINT WARNING * * *
You swap places.
Something hits you but does no damage.
As you read the scroll of teleportation, it crumbles to dust.
You feel strangely unstable. Something hits you but does no damage.
You hear some strange, mumbled words.
A puff of flame appears from out of thin air!
The puff of flame hits you!
You die...

.#. . ### ##.##. #..
#.... #.. . #...# #..
..## #...# #..
...#####...######..
.$...#.....).....
###.#.#...####....
###@._.............#
#5.(#.#))..........#
#.{#................#
........####...####...#
#..#....#.#
#........... #.
#....#.# #...######## #
#..?.#.# #...# #..#.#.#
#...# #..#.#.# .....


You could see a friendly crimson imp (summoned).

Vanquished Creatures
  3 adders
  A worm (D:2)
  A dart slug (D:2)
  2 orcs (D:3)
  An endoplasm (D:2)
  A goblin (D:2)
  A hobgoblin (D:2)
  4 kobolds
  2 quokkas
  3 ball pythons (D:2)
  2 bats
  3 frilled lizards
  6 rats
30 creatures vanquished.

Vanquished Creatures (collateral kills)
  2 orcs (D:3)
  A bat (D:1)
  An endoplasm (D:1)
  A giant cockroach (D:1)
  3 goblins
  3 hobgoblins
  A kobold (D:2)
  2 rats
14 creatures vanquished.

Vanquished Creatures (others)
  A ball python (D:2)
  7 toadstools (D:1)
8 creatures vanquished.

Grand Total: 52 creatures vanquished

Notes
Turn   | Place    | Note
-------+----------+-------------------------------------------
     0 | D:1      | thriggle the Barachi Summoner began the quest for the Orb.
     0 | D:1      | Reached XP level 1. HP: 13/13 MP: 3/3
   370 | D:1      | Reached XP level 2. HP: 5/20 MP: 1/5
   617 | D:1      | Found a faded altar of an unknown god.
   674 | D:1      | Reached skill level 5 in Summonings
   676 | D:1      | Prayed at the altar of an unknown god.
   676 | D:1      | Became a worshipper of Ru the Awakened
   685 | D:1      | Gained mutation: You cannot study or cast Fire magic. [Ru
                  | sacrifice]
   685 | D:1      | Gained mutation: You cannot study or cast Hexes magic. [Ru
                  | sacrifice]
   685 | D:1      | Gained mutation: You cannot study or cast Translocations
                  | magic. [Ru sacrifice]
   685 | D:1      | Reached * piety under Ru
   689 | D:1      | Learned a level 2 spell: Call Imp
  1764 | D:2      | Reached skill level 1 in Throwing
  1764 | D:2      | Reached XP level 3. HP: 4/25 MP: 2/6
  1768 | D:2      | Learned a level 3 spell: Call Canine Familiar
  2182 | D:2      | Reached skill level 1 in Fighting
  2542 | D:2      | Reached XP level 4. HP: 32/32 MP: 3/7
  2844 | D:3      | Reached skill level 1 in Polearms
  3066 | D:3      | Found a broken altar of Ashenzari.
  3153 | D:3      | Killed from afar by an orc wizard

Illustrated notes

Levels and vault maps discovered:
D:1:      nagdon_arrival_double_spiral, layout_basic, basic_ecumenical_altar
D:2:      kb_forest_paths, layout_basic
D:3:      layout_loops_cross, lemuel_crystal_altar, lemuel_round_altar,
          mainiacjoe_overflow_brackets, kennysheep_potato

Skill      XL: |  1  2  3  4 |
---------------+-------------+-----
Summonings     | 5 |  5.2
Stealth        | 2 |  2.2
Throwing       | 1 |  1.5
Fighting       | 1 |  1.3
Polearms       | 1 |  1.0
Dodging        | |  2.6
Spellcasting   | |  2.7

Action                   |  1- 3 |  4- 6 || total
-------------------------+-------+-------++-------
Melee: Spear             |   112 |    73 ||   185
       Unarmed           |    10 |       ||    10
       Punch             |     1 |       ||     1
Throw: Dart              |       |     1 ||     1
 Cast: Summon Small Mamm |    22 |     5 ||    27
       Call Imp          |    11 |     5 ||    16
       Call Canine Famil |       |     1 ||     1
Invok: Sacrifice Arcana  |     1 |       ||     1
  Use: Scroll            |     1 |     3 ||     4
       Potion            |       |     2 ||     2
 Stab: Sleeping          |    10 |       ||    10
Armor: Robe              |    33 |       ||    33
       Leather armour    |     1 |    17 ||    18
Dodge: Dodged            |    93 |    23 ||   116
